AoeStats
← Davy Jones

Fortress

509306090Analyzed
2v2 RM · 7d ago on Sep 26, 2026· 77m 7s· 4 players
Game mode
Random Map
Map size
Normal (6 player)
Population
200
Speed
Normal
Resources
Standard
Victory
Conquest
Starting age
Dark Age
Ending age
Imperial Age
RankedLock teamsTeams togetherTeam positionsShared explorationLock speedFull tech treeHidden civsTurbo modeCheats
Victory
Defeat
🇸🇰 Khmer · Slovakia
754
+14
🇸🇰 Persians · Slovakia
721
+15
🇷🇺 Spanish · Russia
723
-15
🇮🇳 Britons · India
682
-14
Sherlock
8:01 Feudal Age
6:18 Loom
12:36 Wheelbarrow
15:07 Castle Age
13:30 Padded Archer Armor
13:21 Fletching
13:24 Double-Bit Axe
13:33 Gold Mining
19:34 Bow Saw
29:13 Leather Archer Armor
28:56 Bodkin Arrow
30:24 Gambesons
30:58 Pikeman
37:23 Imperial Age
34:50 Horse Collar
35:49 Squires
35:36 Arson
35:13 Man-at-Arms
37:10 Forging
37:00 Scale Mail Armor
37:03 Heavy Plow
38:10 Halberdier
38:11 Long Swordsman
38:58 Caravan
39:47 Two-Handed Swordsman
41:39 Two-Man Saw
41:27 Gold Shaft Mining
44:55 Champion
47:01 Conscription
47:17 Hoardings
47:33 Elite Longbowman
48:37 Yeomen
49:12 Ring Archer Armor
48:42 Bracer
48:59 Chain Mail Armor
50:18 Warwolf
50:20 Murder Holes
51:27 Chemistry
50:48 Ballistics
50:51 Masonry
51:51 Iron Casting
51:26 Stone Mining
53:23 Hand Cart
53:51 Heated Shot
65:25 Cavalier
66:06 Husbandry
67:15 Blast Furnace
66:15 Bracer
66:46 Plate Mail Armor
66:22 Scale Barding Armor
_mansy_
10:24 Feudal Age
11:02 Loom
11:07 Double-Bit Axe
11:04 Horse Collar
11:16 Gold Mining
11:16 Stone Mining
15:54 Castle Age
14:50 Scale Barding Armor
14:56 Forging
15:02 Fletching
15:56 Pikeman
16:37 Squires
16:23 Gambesons
17:29 Heavy Plow
17:58 Bow Saw
21:32 Chain Barding Armor
21:48 Iron Casting
22:25 Bodkin Arrow
24:52 Scale Mail Armor
31:05 Imperial Age
33:24 Chemistry
32:45 Ballistics
32:20 Murder Holes
33:10 Plate Barding Armor
33:36 Blast Furnace
35:57 Chain Mail Armor
35:44 Bracer
35:06 Halberdier
35:32 Arson
36:14 Caravan
37:04 Stone Shaft Mining
37:40 Elite Conquistador
39:49 Conscription
40:34 Plate Mail Armor
40:05 Padded Archer Armor
41:45 Two-Man Saw
43:21 Wheelbarrow
42:32 Town Watch
46:50 Leather Archer Armor
53:34 Ring Archer Armor
55:11 Husbandry
55:21 Bloodlines
54:34 Cavalier
54:39 Light Cavalry
55:27 Town Patrol
55:43 Hand Cart
61:49 Hussar
Kosťo
0:48 Loom
8:17 Feudal Age
8:42 Double-Bit Axe
8:39 Horse Collar
9:57 Town Watch
10:49 Wheelbarrow
16:02 Castle Age
14:25 Gold Mining
16:34 Heavy Plow
16:46 Bow Saw
16:59 Stone Mining
17:45 Gold Shaft Mining
19:09 Stone Shaft Mining
19:03 Fletching
24:21 Husbandry
24:35 Forging
24:32 Scale Barding Armor
25:20 Bloodlines
28:01 Imperial Age
28:58 Cavalier
35:29 Iron Casting
35:15 Chain Barding Armor
35:40 Murder Holes
36:06 Hand Cart
37:57 Two-Man Saw
37:28 Crop Rotation
38:39 Caravan
38:30 Savar
41:08 Chemistry
43:17 Light Cavalry
47:12 Conscription
46:43 Heavy Camel Rider
50:16 Bodkin Arrow
51:36 Blast Furnace
52:06 Plate Barding Armor
53:55 Guard Tower
Davy Jones
0:56 Loom
10:24 Feudal Age
11:41 Wheelbarrow
10:53 Double-Bit Axe
10:51 Horse Collar
14:13 Gold Mining
14:13 Stone Mining
18:52 Castle Age
19:51 Hand Cart
19:56 Heavy Plow
20:33 Gold Shaft Mining
20:35 Stone Shaft Mining
20:13 Bow Saw
24:15 Husbandry
32:12 Imperial Age
35:48 Double Crossbow
36:47 Cavalier
39:01 Fortified Wall
39:15 Ballistics
39:02 Siege Engineers
41:25 Crop Rotation
41:32 Heavy Scorpion
44:13 Town Watch
46:13 Chemistry
45:08 Murder Holes
46:08 Caravan
46:38 Coinage
49:25 Banking
Connection lost

Rejoining the realm…

Still unreachable

The connection could not be restored.

Session expired

The server has moved on; the page needs a fresh start.